 Dungeon Crawl Stone Soup version 0.23.1 (webtiles) character file.

Game seed: 8267490083898910916

184 Borgoz the Skirmisher (level 5, -5/45 (46) HPs)
             Began as a Ghoul Monk on Mar 17, 2019.
             Slain by a gnoll
             ... wielding a +0 halberd of protection
              (7 damage)
             ... on level 3 of the Dungeon.
             The game lasted 00:04:53 (2905 turns).

Borgoz the Skirmisher (Ghoul Monk)                  Turns: 2905, Time: 00:04:54

HP:   -5/45 (46)    AC:  7    Str: 14 (15) XL:     5   Next: 64%
MP:   4/4           EV: 12    Int:  6      God:
Gold: 161           SH:  0    Dex: 11      Spells: 4/4 levels left

rFire    . . .     SeeInvis .   a - +1 short sword
rCold    + + .     Gourm    .   (no shield)
rNeg     + + +     Faith    .   l - +1 ring mail
rPois    ∞         Spirit   .   (no helmet)
rElec    .         Reflect  .   (no cloak)
rCorr    .         Harm     .   (no gloves)
MR       .....                  m - +0 pair of boots
Stlth    +.........             (no amulet)
HPRegen  0.00/turn              g - ring of protection from cold
MPRegen  0.09/turn              (no ring)

@: rotting
A: rotting body, claws 1, carnivore, cold resistance 1, negative energy
resistance 3, inhibited regeneration, torment resistance, unbreathing
a: no special abilities


You were on level 3 of the Dungeon.
You were not hungry.

You visited 1 branch of the dungeon, and saw 3 of its levels.

You collected 161 gold pieces.

Inventory:

Hand Weapons
 a - a +1 short sword (weapon)
Armour
 l - a +1 ring mail (worn)
 m - a +0 pair of boots (worn)
Jewellery
 g - a ring of protection from cold (left claw)
Scrolls
 i - 3 scrolls of enchant weapon
Comestibles
 c - 4 rations


   Skills:
 + Level 3.8 Fighting
 * Level 3.6 Short Blades
 * Level 2.2 Armour
 * Level 3.6 Dodging
 + Level 3.0 Stealth


You had 4 spell levels left.
You didn't know any spells.
Your spell library was empty.

Dungeon Overview and Level Annotations

Branches:
Dungeon (3/15)

Altars:
Gozag
Ru
Wu Jian


Innate Abilities, Weirdness & Mutations

Your body is rotting away.
You thrive on raw meat.
You are immune to poison.
You have sharp fingernails.
You are carnivorous and can eat meat at any time.
Your flesh is cold resistant. (rC+)
You are immune to negative energy. (rN+++)
You do not regenerate when monsters are visible.
You are immune to unholy pain and torment.
You can survive without breathing.


Message History

The orc wizard is almost dead.
The orc wizard gestures at you while chanting.
The puff of frost hits you. You resist.
* * * LOW HITPOINT WARNING * * *
The gnoll hits you from afar with a +0 halberd of protection.
* * * LOW HITPOINT WARNING * * *
You hit the orc wizard.
You kill the orc wizard!
You feel your strength returning.
Your Stealth skill increases to level 3!
The gnoll hits you from afar with a +0 spear.
* * * LOW HITPOINT WARNING * * *
The gnoll closely misses you. The gnoll barely misses you.
Things that are here:
a +0 dagger; a +0 robe; an orc corpse You hit the gnoll but do no damage.
The gnoll is severely wounded.
The gnoll hits you but does no damage.
The gnoll hits you with a +0 halberd of protection!
You die...

##.......g..##.####### #.#
#...........##.#.....# #.##
##..###...#'# #.#.....# #..#
#..)#######o# #.#.....######.#
###...### #.# #.#.....#.......
###...###.# #.#.....#.####.#
##...##.# #.'.....+.# #.#
###...##.g#####.....#.# ##.#
###...####.gg@..........###.÷.
#...### #÷###########......_.
###...####.# ##.###...
###...##.# #.# ##.# ##(..#.#
#.# #.# ###...##.# #.# #.#
###...####.# #.. ...
#...######.# #<# #..
##)........# ### ###


You could see 3 gnolls.

Vanquished Creatures
  An orc priest (D:2)
  An orc wizard (D:3)
  Terence (D:2)
  4 adders (D:2)
  2 worms (D:2)
  A dart slug (D:1)
  A leopard gecko (D:1)
  4 orcs
  8 bats
  5 giant cockroaches
  10 goblins
  7 hobgoblins
  5 kobolds
  A quokka (D:3)
  2 frilled lizards (D:3)
  2 rats (D:1)
55 creatures vanquished.

Vanquished Creatures (others)
  A rat (D:3)
1 creature vanquished.

Grand Total: 56 creatures vanquished

Notes
Turn   | Place    | Note
-------+----------+-------------------------------------------
     0 | D:1      | Borgoz the Ghoul Monk began the quest for the Orb.
     0 | D:1      | Reached XP level 1. HP: 19/19 MP: 0/0
   116 | D:1      | Reached XP level 2. HP: 21/26 MP: 1/1
   464 | D:1      | Reached skill level 1 in Armour
   494 | D:1      | Reached XP level 3. HP: 31/31 MP: 2/2
  1088 | D:2      | Found an opulent altar of Gozag.
  1362 | D:2      | Reached XP level 4. HP: 34/38 MP: 3/3
  1687 | D:2      | Found an ornate altar of the Wu Jian Council.
  1781 | D:2      | Found a faded altar of an unknown god.
  1981 | D:2      | Noticed Terence
  1996 | D:2      | Killed Terence
  2428 | D:2      | Reached XP level 5. HP: 41/46 MP: 4/4
  2675 | D:3      | Found a sacrificial altar of Ru.
  2904 | D:3      | HP: 2/45 [gnoll/+0 spear (5)]
  2905 | D:3      | Slain by a gnoll

Skill      XL: |  1  2  3  4  5 |
---------------+----------------+-----
Short Blades   | 3 |  3.6
Armour         | 1 2 |  2.2
Dodging        | 3 |  3.6
Stealth        | 3 |  3.0
Fighting       | |  3.8

Action                   |  1- 3 |  4- 6 || total
-------------------------+-------+-------++-------
Melee: Short sword       |   157 |   154 ||   311
  Use: Scroll            |       |     7 ||     7
       Potion            |       |     3 ||     3
 Stab: Sleeping          |     4 |       ||     4
  Eat: Chunk             |    20 |     8 ||    28
Armor: Robe              |    31 |       ||    31
       Ring mail         |     8 |    52 ||    60
Dodge: Dodged            |   110 |   102 ||   212
